[Event "44th Chess Olympiad Women 2022"]
[Site "Chennai"]
[Date "2022.08.08"]
[Round "10.32"]
[White "Zavala Galindo, Alejandra Beatriz"]
[Black "Otazo Sanchez, Annyd Gabriela"]
[Result "0-1"]
[WhiteElo "1748"]
[BlackElo "1932"]
[Annotator "NA RC"]
[PlyCount "128"]
[EventDate "2022.??.??"]
[TimeControl "60"]

1. e4 e5 2. Bc4 Nf6 3. d3 Nc6 4. Nf3 Be7 5. Bb3 O-O 6. O-O d5 7. Nbd2 Bg4 8. c3 h6 9. h3 Bh5 10. Re1 Qd7 11. Nf1 dxe4 12. dxe4 Rad8 13. Ng3 Qxd1 14. Bxd1 Bxf3 15. Bxf3 Bc5 16. Be3 Bxe3 17. Rxe3 Rd2 18. Re2 Rfd8 19. Rae1 a5 20. Nf1 Rxe2 21. Bxe2 Nxe4 22. Bf3 f5 23. Bxe4 fxe4 24. Rxe4 Rd1 25. f3 Ra1 26. a3 Rb1 27. Re2 a4 28. Kf2 Kf7 29. Ne3 Ke6 30. Rd2 Na5 31. Kg3 b5 32. Kg4 g6 33. Kg3 c5 34. Kf2 c4 35. Nd5 Nb3 36. Nc7+ Ke7 37. Re2 Nc1 38. Rd2 Nd3+ 39. Ke3 Nxb2 40. Nxb5 Nd1+ 41. Ke2 Rxb5 42. Rxd1 Rb3 43. Rd5 Ke6 44. Ra5 Rxa3 45. Ra6+ Kf5 46. g4+ Kg5 47. h4+ Kxh4 48. Rxg6 Rxc3 49. Rxh6+ Kg3 50. Ra6 a3 51. g5 Kf4 52. g6 Rc2+ 53. Kd1 Rg2 54. Rxa3 Rxg6 55. Rc3 Rd6+ 56. Ke2 Rd4 57. Kf2 Rd2+ 58. Ke1 Rd3 59. Rxc4+ Kxf3 60. Rh4 Ke3 61. Rh3+ Kd4 62. Rxd3+ Kxd3 63. Kd1 e4 64. Ke1 Ke3 0-1

[Event "44th Chess Olympiad Women 2022"]
[Site "Chennai"]
[Date "2022.08.08"]
[Round "10.33"]
[White "Pipiras, Filipa Fortuna"]
[Black "Quevedo, Andreina"]
[Result "1-0"]
[WhiteElo "2139"]
[BlackElo "1841"]
[Annotator "NA RC"]
[PlyCount "89"]
[EventDate "2022.??.??"]
[TimeControl "60"]

1. d4 Nf6 2. c4 e6 3. Nc3 Bb4 4. Qc2 Nc6 5. Nf3 d6 6. Bd2 O-O 7. a3 Bxc3 8. Bxc3 Re8 9. e3 a5 10. Be2 e5 11. dxe5 dxe5 12. O-O Bg4 13.
b4 axb4 14. axb4 Rxa1 15. Rxa1 e4 16. Nd4 Ne5 17. Bf1 Bh5 18.
Ra7 Qb8 19. Ra5 Nfd7 20. Ne2 f5 21. Ng3 Bg6 22. h4 b6 23.
Ra1 Nf6 24. Qb2 c6 25. Ra6 Qc8 26. Qa1 Nfg4 27. Be2 h5 28. Bxe5 Nxe5 29. Bxh5 Bxh5 30. Nxh5 Qd8 31. g3 g6 32. Nf4 Qf6 33. Kg2 g5 34. hxg5 Qxg5 35. Ra8 Rxa8 36. Qxa8+ Kf7 37. Qb7+ Kf6 38. Qxb6 Qg4 39. Qd8+ Kg7 40. Qd4 Qf3+ 41. Kg1 Kf6 42. Qd6+ Kg5 43. Qxe5 Qd1+ 44. Kh2 Kg4 45. Ng2 1-0

[Event "44th Chess Olympiad Women 2022"]
[Site "Chennai"]
[Date "2022.08.08"]
[Round "10.33"]
[White "Roepke, Sofia"]
[Black "Chaves, Jussara"]
[Result "0-1"]
[WhiteElo "1869"]
[BlackElo "1933"]
[Annotator "NA RC"]
[PlyCount "146"]
[EventDate "2022.??.??"]
[TimeControl "60"]

1. e4 d5 2. exd5 Qxd5 3. Nc3 Qa5 4. g3 Nf6 5. Bg2 c6 6. Nge2 e5 7. O-O Bd6 8. Rb1 O-O 9. a3 Bf5 10. b4 Qc7 11. Bb2 Nbd7 12. d3 Rfe8 13.
Qd2 Rad8 14. Rbd1 Nb6 15. Rfe1 h6 16. Qc1 Nh7 17. Ne4 Bg6 18.
Nxd6 Qxd6 19. Ba1 Bh5 20. Qb2 f6 21. h3 Ng5 22. g4 Bf7 23.
Nc3 Nd5 24. Ne2 Ne6 25. Qb1 Ndf4 26. Nxf4 Nxf4 27. Bb2 Nxg2 28. Kxg2 Qd5+ 29. f3 h5 30. Qc1 Be6 31. Qe3 hxg4 32. hxg4 b5 33. Qe4 Qxe4 34. dxe4 Kf7 35. Kf2 Rh8 36. Rxd8 Rxd8 37. Ke3 Rh8 38. Bc1 Bc4 39. Rd1 Ke7 40. Bd2 Rh2 41. Re1 g5 42. c3 Rg2 43. Bc1 Kf7 44. Bd2 Kg7 45. Bc1 Ra2 46. Bd2 Rxa3 47. Rd1 Ra2 48.
Rb1 a5 49. bxa5 Rxa5 50. Bc1 Ra2 51. Rb2 Ra1 52. Bd2 Rf1 53.
Rb4 c5 54. Rb2 Kf7 55. Rc2 Ke6 56. Rb2 Kd7 57. Rc2 Kc6 58. Rb2 Kb6 59. Rc2 Ka5 60. Rc1 Ka4 61. Rxf1 Bxf1 62. Be1 Kb3 63. Bd2 Kb2 64. Kf2 Bc4 65. Be3 b4 66. cxb4 cxb4 67. Bc5 b3 68. Be7 Kc2 69. Bxf6 b2 70. Bxg5 b1=Q 71. Be3 Qd1 72. Kg3 Qe1+ 73. Bf2 Qc3 0-1

[Event "44th Chess Olympiad Women 2022"]
[Site "Chennai"]
[Date "2022.08.08"]
[Round "10.33"]
[White "Silva, Mariana Sofia T."]
[Black "Malan, Lucia"]
[Result "1/2-1/2"]
[WhiteElo "1912"]
[BlackElo "1741"]
[Annotator "NA RC"]
[PlyCount "126"]
[EventDate "2022.??.??"]
[TimeControl "60"]

1. d4 d5 2. c4 e6 3. Nf3 Nf6 4. g3 dxc4 5. Bg2 Be7 6. O-O O-O 7. Qc2 a6 8. a4 Bd7 9. Qxc4 Bc6 10. Bg5 Nbd7 11. Bxf6 Bxf6 12. Rd1 Nb6 13. Qc2 Nd5 14. e4 Nb4 15. Qd2 Qe7 16. Nc3 Rfd8 17. Qe2 g6 18. h4 b6 19. Rac1 Bb7 20. Qe3 c5 21. dxc5 Qxc5 22. Qxc5 bxc5 23. Ne1 Bc6 24. a5 Bxc3 25. bxc3 Na2 26. Rxd8+ Rxd8 27. Rc2 Rd1 28. Kf1 Nxc3 29. Bf3 Bb5+ 30. Kg2 Rxe1 31. Rxc3 c4 32. Rc2 Kf8 33. Be2 Ra1 34. Bxc4 Bxc4 35. Rxc4 Rxa5 36. Rc7 Kg7 37. Ra7 Kf6 38. Kf3 Ra2 39. Ke3 a5 40. Kf3 a4 41. Ra5 a3 42. Kg2 Ra1 43.
Kf3 h5 44. Ke2 a2 45. Kf3 e5 46. Ra6+ Ke7 47. Ke2 Kd7 48. Kf3 Kc7 49. Ke2 Kb7 50. Ra3 Kb6 51. Kf3 Kb5 52. Ra7 f5 53. exf5 gxf5 54. Ra8 e4+ 55. Kg2 Kc4 56. Rc8+ Kd5 57. Ra8 Ke6 58. Ra7 f4 59. Ra6+ Kf5 60. Ra5+ Kf6 61. Ra6+ Kf5 62. Ra5+ Ke6 63. Ra6+ Kf5 1/2-1/2

[Event "44th Chess Olympiad Women 2022"]
[Site "Chennai"]
[Date "2022.08.08"]
[Round "10.33"]
[White "Silvera, Pilar"]
[Black "Silva, Ana Ines Teixeira D"]
[Result "0-1"]
[WhiteElo "1436"]
[BlackElo "1775"]
[Annotator "NA RC"]
[PlyCount "70"]
[EventDate "2022.??.??"]
[TimeControl "60"]

1. e4 e5 2. Nf3 Nc6 3. Bc4 Nf6 4. d3 Bc5 5. c3 a6 6. Bb3 d6 7. h3 Ba7 8. Nbd2 O-O 9. Nf1 h6 10. g4 Nh7 11. g5 hxg5 12. Rg1 Qf6 13.
Qe2 Be6 14. Nxg5 Bxb3 15. axb3 Ne7 16. Nxh7 Kxh7 17. Ne3 Bxe3 18. Bxe3 Ng6 19. Qh5+ Kg8 20. O-O-O Nf4 21. Qg4 a5 22. Kc2 b5 23. Rg3 b4 24. Rdg1 g6 25. c4 a4 26. bxa4 Rxa4 27. h4 Rb8 28.
h5 b3+ 29. Kc3 d5 30. Bc1 Qb6 31. Kd2 Qxf2+ 32. Kd1 Qc2+ 33. Ke1 Qxc1+ 34. Kf2 Qd2+ 35. Kf1 Ra1+ 0-1

[Event "44th Chess Olympiad Women 2022"]
[Site "Chennai"]
[Date "2022.08.08"]
[Round "10.34"]
[White "Ferrufino, Michelle"]
[Black "Diaz Charpentier, Kristel Meliss"]
[Result "0-1"]
[WhiteElo "1811"]
[BlackElo "1989"]
[Annotator "NA RC"]
[PlyCount "64"]
[EventDate "2022.??.??"]
[TimeControl "60"]

1. e4 c5 2. Nc3 Nc6 3. f4 e6 4. Nf3 d5 5. Bb5 Nge7 6. exd5 exd5 7. Qe2 g6 8. Bxc6+ bxc6 9. Qe5 Rg8 10. O-O Bg4 11. Re1 Bxf3 12. gxf3 Bg7 13. Qe2 Kf8 14. Nd1 Nf5 15. c3 Bf6 16. Ne3 Nd6 17. Qf2 Bh4 18. Qf1 Bxe1 19. Qxe1 Qf6 20. d3 Re8 21. Qf2 h5 22. Bd2 Kg7 23. Ng2 Qf5 24. Qxc5 Qxd3 25. Be1 Nf5 26. Bf2 Re2 27. Rf1 Rge8 28. Qxc6 Qd2 29. Qb7 h4 30. h3 Ng3 31. Nxh4 Nxf1 32. Bd4+ Kg8 0-1

[Event "44th Chess Olympiad Women 2022"]
[Site "Chennai"]
[Date "2022.08.08"]
[Round "10.34"]
[White "Granados Ortiz, Maria Jose"]
[Black "Mayorga Araya, Sofia"]
[Result "0-1"]
[WhiteElo "1753"]
[BlackElo "1758"]
[Annotator "NA RC"]
[PlyCount "128"]
[EventDate "2022.??.??"]
[TimeControl "60"]

1. e4 c5 2. Nf3 d6 3. d4 cxd4 4. Nxd4 Nf6 5. Nc3 a6 6. Be3 e5 7. Nb3 Be6 8. Be2 Be7 9. O-O O-O 10. h3 Nbd7 11. Qd2 Qc7 12. Rfd1 Rfc8 13. Rac1 Nb6 14. Bg5 h6 15. Bh4 Nc4 16. Bxc4 Qxc4 17. Na5 Qb4 18. Bxf6 Bxf6 19. Nd5 Qxe4 20. Nxf6+ gxf6 21. c3 b6 22. Nb3 d5 23. Qxh6 Qg6 24. Qe3 Qg5 25. Re1 Qxe3 26. Rxe3 a5 27. Rd1 b5 28. Nc1 b4 29. Ne2 a4 30. Red3 a3 31. b3 bxc3 32. Nxc3 d4 33.
Ne4 f5 34. Ng5 Rc2 35. Nxe6 fxe6 36. R3d2 Rac8 37. b4 Rb2 38. Rd3 Rc3 39. R3d2 Rxb4 40. Kf1 Rb2 41. Ke1 Rcc2 42. Rxc2 Rxc2 43. Rd2 Rxd2 44. Kxd2 e4 45. g3 e5 46. Ke2 Kg7 47. Kd2 Kg6 48. Ke2 Kg5 49. Kd2 f4 50.
g4 e3+ 51. fxe3 fxe3+ 52. Kd3 e4+ 53. Ke2 Kf4 54. Kf1 d3 55.
Ke1 e2 56. Kd2 e3+ 57. Kxd3 e1=Q 58. Kc4 Qd1 59. g5 e2 60. g6 e1=Q 61. g7 Qe4+ 62. Kb5 Qb7+ 63. Kc4 Qc2+ 64. Kd4 Qd7# 0-1

[Event "44th Chess Olympiad Women 2022"]
[Site "Chennai"]
[Date "2022.08.08"]
[Round "10.34"]
[White "Hernandez Alvarez, Tania Regla"]
[Black "Granados Diaz, Maria Esther"]
[Result "1-0"]
[WhiteElo "2058"]
[BlackElo "1888"]
[Annotator "NA RC"]
[PlyCount "67"]
[EventDate "2022.??.??"]
[TimeControl "60"]

1. Nf3 c5 2. c4 Nc6 3. d4 cxd4 4. Nxd4 g6 5. e4 Bg7 6. Be3 d6 7. Nc3 Nf6 8. Be2 O-O 9. O-O Bd7 10. Rc1 Nxd4 11. Bxd4 Bc6 12. Bd3 Nd7 13. Bxg7 Kxg7 14. Re1 Ne5 15. Re3 Qa5 16. b3 Nxd3 17. Qxd3 Rfd8 18. Rd1 a6 19. Qd2 Qg5 20. Nd5 Bxd5 21. exd5 b5 22. Rde1 Rd7 23. h4 Qf4 24. g3 Qf6 25. Kg2 Kf8 26. Rf3 Qg7 27. h5 g5 28.
Rc1 h6 29. cxb5 axb5 30. Qe2 Rb7 31. b4 Qe5 32. Qd3 Kg7 33.
a3 Raa7 34. Rxf7+ 1-0

[Event "44th Chess Olympiad Women 2022"]
[Site "Chennai"]
[Date "2022.08.08"]
[Round "10.34"]
[White "Rodriguez Arrieta, Maria Elena"]
[Black "Alvarez Gutierrez, Patricia"]
[Result "1-0"]
[WhiteElo "1849"]
[BlackElo "1715"]
[Annotator "NA RC"]
[PlyCount "95"]
[EventDate "2022.??.??"]
[TimeControl "60"]

1. e4 c5 2. Nf3 e6 3. d3 Nc6 4. g3 d5 5. Nbd2 Nf6 6. Bg2 Be7 7. O-O O-O 8. e5 Nd7 9. Re1 Qc7 10. Qe2 b5 11. Nf1 a5 12. Bf4 a4 13. a3 b4 14. h4 Qa5 15.
Ne3 Nd4 16. Nxd4 cxd4 17. Ng4 bxa3 18. bxa3 Rb8 19. h5 Rb2 20. Bc1 Rxc2 21. Qxc2 Qxe1+ 22. Bf1 Nxe5 23. Nxe5 Qxe5 24. h6 Qf6 25. hxg7 Qxg7 26. Qxa4 Bd6 27. Qd1 Qg6 28. Bb2 Be5 29. Qe2 Bf6 30. Rc1 Bb7 31. Rc7 Ba8 32. Qc2 Be5 33. Rc8 Qg7 34. Qc5 Rxc8 35. Qxc8+ Qf8 36. Qa6 Qb8 37. Bc1 Qb7 38. Qa4 Qc6 39. Qa5 Bc7 40. Qd2 e5 41. Bb2 Qg6 42. Qc2 Qc6 43. Qd1 Qg6 44. Qc2 Qc6 45. Qd1 Ba5 46. Bc1 Qg6 47. Qa4 Qa6 48. Bd2 1-0

[Event "44th Chess Olympiad Women 2022"]
[Site "Chennai"]
[Date "2022.08.08"]
[Round "10.35"]
[White "Gitu, Paula-Alexandra"]
[Black "Dubois, Martine"]
[Result "1-0"]
[WhiteElo "2109"]
[BlackElo "1782"]
[Annotator "NA RC"]
[PlyCount "89"]
[EventDate "2022.??.??"]
[TimeControl "60"]

1. e4 d5 2. exd5 Qxd5 3. Nc3 Qd6 4. d4 Nf6 5. Nf3 g6 6. g3 Bg7 7. Bf4 Qd8 8. Qd2 h6 9. Bg2 c6 10. O-O Be6 11. Rfe1 Nbd7 12. Qd3 O-O 13. h3 Bd5 14. Qe3 Bxf3 15. Bxf3 g5 16. Be5 e6 17. Rad1 a5 18. Be2 Ne8 19. g4 a4 20. Bd3 Ra5 21. Bg3 Ndf6 22. Ne2 Nd5 23.
Qd2 Ra8 24. c4 Ne7 25. Qe3 Kh8 26. Bc2 Ng8 27. f4 gxf4 28. Nxf4 Qg5 29. Qf2 Rd8 30. Bh4 Qa5 31. Bxd8 Qxd8 32. Nh5 Nd6 33. Nxg7 Kxg7 34. d5 cxd5 35. cxd5 Qc7 36. dxe6 fxe6 37. Qd4+ Nf6 38. Qxd6 Qxc2 39. Rd2 Qc4 40. Qxe6 Qc5+ 41. Qe3 Qc4 42. g5 hxg5 43. Qxg5+ Kf7 44. Rd7+ Nxd7 45. Re7# 1-0

[Event "44th Chess Olympiad Women 2022"]
[Site "Chennai"]
[Date "2022.08.08"]
[Round "10.35"]
[White "Jose de Ribbegren, Kenia"]
[Black "Petrenko, Svetlana"]
[Result "0-1"]
[WhiteElo "1787"]
[BlackElo "2029"]
[Annotator "NA RC"]
[PlyCount "174"]
[EventDate "2022.??.??"]
[TimeControl "60"]

1. d4 d5 2. Bf4 c6 3. Nc3 Nf6 4. e3 g6 5. Bd3 Bg7 6. h4 h5 7. Nh3 Nbd7 8.
Ng5 Nf8 9. Ne2 N6h7 10. Nf3 Be6 11. c3 Qc8 12. Qc2 c5 13.
dxc5 Qxc5 14. Ned4 Bd7 15. Ne5 Bxe5 16. Bxe5 Rg8 17. Qb3 b6 18. Nb5 Ne6 19. Bd4 Qc6 20. Kd2 a6 21. Na3 Nc5 22. Qc2 b5 23.
Bxc5 Qxc5 24. Rac1 Nf6 25. f3 Rc8 26. Qb3 Qd6 27. Qd1 Ne4+ 28.
Bxe4 dxe4+ 29. Ke1 Qg3+ 30. Kf1 Be6 31. Qe1 Qxe1+ 32. Kxe1 exf3 33. gxf3 b4 34. Nb1 Bxa2 35. Nd2 bxc3 36. Rxc3 Rxc3 37. bxc3 Kd7 38. Kf2 Be6 39. Ra1 Ra8 40. Ra5 Kc6 41. Ke2 Kb6 42. Ra1 a5 43. Kd3 Rd8+ 44. Kc2 f6 45. c4 g5 46. hxg5 fxg5 47. Rb1+ Ka6 48. Rb5 Bxc4 49. Rxg5 Bd3+ 50. Kc3 Bb5 51. Rxh5 Rd3+ 52. Kc2 Rxe3 53. f4 Re6 54. Re5 Rc6+ 55. Kb3 Rd6 56. Kc3 Rd3+ 57. Kc2 Rd7 58. Re6+ Ka7 59. Re5 Rb7 60. Ne4 Kb6 61. Nc3 Bc6 62. f5 a4 63. Re6 Kc5 64. f6 exf6 65. Rxf6 a3 66. Rf5+ Kd4 67. Ra5 Rb2+ 68. Kc1 Rb3 69. Nb1 Be4 70. Nxa3 Rh3 71. Nb5+ Ke3 72. Ra3+ Bd3 73. Nd6 Rh1+ 74. Kb2 Kd2 75. Ra1 Rh6 76. Nf7 Rb6+ 77. Ka3 Kc3 78. Rc1+ Bc2 79. Rxc2+ Kxc2 80. Ne5 Kc3 81. Ka4 Rb1 82. Nc6 Rb6 83. Ne5 Re6 84. Nd7 Rd6 85. Ne5 Rd4+ 86. Ka3 Rd5 87. Nc6 Rc5 0-1

[Event "44th Chess Olympiad Women 2022"]
[Site "Chennai"]
[Date "2022.08.08"]
[Round "10.35"]
[White "Lebel-Arias, Julia"]
[Black "Mihailova, Alina"]
[Result "0-1"]
[WhiteElo "1660"]
[BlackElo "1926"]
[Annotator "NA RC"]
[PlyCount "118"]
[EventDate "2022.??.??"]
[TimeControl "60"]

1. d4 d5 2. c3 Nf6 3. Bf4 c5 4. e3 Nc6 5. Nd2 Bf5 6. Ngf3 e6 7. Bg3 Be7 8. Ne5 O-O 9. Be2 Nd7 10. f4 f6 11. Nxd7 Qxd7 12. Nf3 cxd4 13. exd4 Bd6 14. O-O Rae8 15. Bd3 Bxd3 16. Qxd3 Qc7 17. Qd2 b5 18. a3 Na5 19. Rae1 Nc4 20. Qc1 a5 21. Nd2 Nb6 22. Rf3 Nd7 23. Nf1 f5 24. Bh4 h6 25. Qd2 Kh8 26. Qc1 Rg8 27. Kh1 Nf8 28. Qd2 Nh7 29. h3 g5 30.
fxg5 hxg5 31. Bg3 f4 32. Bh2 Nf6 33. Qd3 Qd7 34. Nd2 Rg7 35.
g4 Ree7 36. Kg2 Qe8 37. Kh1 Rh7 38. Re2 Rh6 39. Kg1 Qc6 40.
Kg2 Nd7 41. Bg1 Bc7 42. Bf2 Kg8 43. h4 Rg7 44. Kh3 gxh4 45.
Re1 Nf6 46. Rg1 Ne4 47. g5 Nxg5+ 48. Rxg5 Rxg5 49. b3 Qd7 50. Kh2 Qg7 51. Qxb5 Rg2+ 52. Kh1 Rhg6 53. Qf1 R2g3 54. Bxg3 hxg3 55. Kg1 Qh7 56. Qg2 Rh6 57. Nf1 Kh8 58. b4 e5 59. dxe5 Bb6+ 0-1

[Event "44th Chess Olympiad Women 2022"]
[Site "Chennai"]
[Date "2022.08.08"]
[Round "10.35"]
[White "Petricenco, Ana"]
[Black "Berezovska, Svetlana"]
[Result "1-0"]
[WhiteElo "1912"]
[BlackElo "1781"]
[Annotator "NA RC"]
[PlyCount "113"]
[EventDate "2022.??.??"]
[TimeControl "60"]

1. e4 e6 2. d3 d5 3. Nd2 Nf6 4. Ngf3 c5 5. g3 Nc6 6. Bg2 b6 7. O-O Bb7 8. Re1 Be7 9. c3 Qc7 10. a3 h6 11. Nf1 O-O-O 12. exd5 Nxd5 13. Ne3 Nf6 14. Nc4 g5 15. b4 b5 16. Nce5 Nxe5 17. Nxe5 Bd6 18. Bxb7+ Qxb7 19. Qe2 Bxe5 20. Qxe5 Nd7 21. Qe2 Kb8 22. Be3 Ne5 23. Bf4 gxf4 24. Qxe5+ Qc7 25. Qf6 Rhg8 26. Rad1 Rg5 27. Qxh6 Rdg8 28. Kf1 fxg3 29. hxg3 Rxg3 30. fxg3 Qxg3 31. Qh1 Qf4+ 32. Ke2 Rg3 33. Qe4 Qg5 34. Rf1 Qh5+ 35. Rf3 Rg2+ 36. Ke3 Qg5+ 37. Qf4+ Qxf4+ 38. Rxf4 f5 39. d4 cxb4 40. cxb4 Kc7 41. d5 Kd6 42. dxe6+ Kxe6 43. Kf3 Rc2 44. Re1+ Kf6 45. Rd4 Rc3+ 46. Re3 Rc6 47. Rd5 a6 48. Rc5 Rd6 49. Rec3 Kg5 50. Rc6 Rd1 51. Rxa6 Rf1+ 52. Kg2 Rd1 53. Rg3+ Kf4 54. Rf3+ Kg5 55. Ra5 Rd2+ 56. Rf2 Rd3 57. Rxb5 1-0

[Event "44th Chess Olympiad Women 2022"]
[Site "Chennai"]
[Date "2022.08.08"]
[Round "10.36"]
[White "Al Mansouri, Moza"]
[Black "Ramirez, Maria Eugenia"]
[Result "1/2-1/2"]
[WhiteElo "1606"]
[BlackElo "2005"]
[Annotator "NA RC"]
[PlyCount "213"]
[EventDate "2022.??.??"]
[TimeControl "60"]

1. e4 e5 2. Nf3 Nc6 3. Bb5 Nd4 4. Nxd4 exd4 5. Bc4 h5 6. c3 Bc5 7. O-O c6 8. d3 d5 9. exd5 cxd5 10. Re1+ Kf8 11. Bb5 Bg4 12. Qa4 Qf6 13. c4 h4 14. b4 Bd6 15. Qxa7 Rd8 16. h3 Bc8 17. c5 Bc7 18.
c6 Ne7 19. cxb7 Bf5 20. Qa8 Qd6 21. f4 Qxb4 22. Qxd8+ Bxd8 23. b8=Q Qxe1+ 24. Kh2 Nc8 25. Qe5 Qxe5 26. fxe5 Bc7 27. Ba3+ Kg8 28. Nd2 Bxe5+ 29. Kg1 Na7 30. Ba6 Rh6 31. Bb7 Nb5 32. Bc5 Nc3 33. Nf3 Bf6 34. a4 Rg6 35. Kh2 Bxd3 36. a5 Ne4 37. Bxd4 Bxd4 38. Nxd4 Nc5 39. Bc8 Rd6 40. Ra3 Bc4 41. Nf5 Rf6 42. Ne3 Rc6 43. Nxc4 dxc4 44. Bb7 Nxb7 45. a6 Na5 46. Rxa5 Rc8 47. a7 Ra8 48. Rc5 c3 49. Rxc3 Rxa7 50. Rc4 g5 51. Kg1 Ra2 52. Rg4 f6 53. g3 hxg3 54. h4 Ra5 55. Rxg3 Kg7 56. hxg5 fxg5 57. Rd3 Kg6 58. Kg2 Kh5 59. Rh3+ Kg4 60. Rg3+ Kf4 61. Rf3+ Ke5 62. Kg3 Ra4 63. Rf8 Rb4 64. Rf7 Rd4 65. Rf8 Rc4 66. Rf7 Ke6 67. Rf8 Ra4 68. Rf1 Re4 69. Rf2 Ke5 70. Rf8 Rb4 71. Rf7 Ra4 72. Rf8 Ra1 73. Kg2 Ke4 74. Rf7 Ra3 75. Rf6 Ke5 76. Rf8 Rb3 77. Rf7 Ke6 78. Rf8 Rc3 79. Rf1 Re3 80. Rf8 Rd3 81. Rf1 Ra3 82. Rf8 Ke5 83. Rf7 Ke4 84. Rf6 Ra4 85. Kg3 Ra1 86. Kg2 Ra5 87. Rf8 Rb5 88. Rf7 Rb2+ 89. Kg3 Rb1 90. Kg2 Ra1 91. Rf8 Ke5 92. Rf7 Ra4 93. Kg3 Ra1 94. Kg2 Rc1 95. Rf8 Ke4 96. Rf7 Rc3 97. Rf8 Rc5 98. Rf7 Re5 99. Kg3 Rf5 100. Re7+ Re5 101. Rf7 Kd5 102. Kg4 Ke6 103. Rf3 Rd5 104. Rf1 Rc5 105. Rf2 Re5 106. Rf1 Kd5 107. Rf5 1/2-1/2

[Event "44th Chess Olympiad Women 2022"]
[Site "Chennai"]
[Date "2022.08.08"]
[Round "10.36"]
[White "Coro, Soledad"]
[Black "Mariam, Essa"]
[Result "1/2-1/2"]
[WhiteElo "1623"]
[BlackElo "1591"]
[Annotator "NA RC"]
[PlyCount "88"]
[EventDate "2022.??.??"]
[TimeControl "60"]

1. c4 c5 2. g3 g6 3. Bg2 Bg7 4. Nf3 Nf6 5. O-O Nc6 6. Nc3 e5 7. d3 d6 8. Rb1 O-O 9. Bd2 Rb8 10. a3 a5 11. Qc1 Bg4 12. h3 Bxf3 13.
Bxf3 Nd4 14. Bg2 d5 15. cxd5 b5 16. Re1 Nb3 17. Qd1 a4 18.
Bg5 Qd7 19. Bxf6 Bxf6 20. Ne4 Bg7 21. Nd2 Nd4 22. e3 Nf5 23.
Ne4 Rfc8 24. Rc1 c4 25. dxc4 bxc4 26. Qe2 Ne7 27. d6 Nd5 28. Rxc4 f5 29. Nc3 Nxc3 30. bxc3 Qxd6 31. Rxa4 e4 32. Rd1 Qc6 33. Ra7 Qxc3 34. Qa2+ Kh8 35. Qf7 Ra8 36. Rad7 Rf8 37. Qe7 Qf6 38. Qb4 Rfb8 39. Qc5 Qc3 40. Qe7 Qf6 41. Qc5 Bf8 42. Qc7 Rc8 43. Qb7 Rcb8 44. Qc7 Rc8 1/2-1/2

[Event "44th Chess Olympiad Women 2022"]
[Site "Chennai"]
[Date "2022.08.08"]
[Round "10.36"]
[White "Molina, Jessica"]
[Black "Al Maamari, Wafia Darwish"]
[Result "0-1"]
[WhiteElo "1889"]
[BlackElo "1841"]
[Annotator "NA RC"]
[PlyCount "138"]
[EventDate "2022.??.??"]
[TimeControl "60"]

1. d4 Nf6 2. Nf3 d5 3. Bf4 c6 4. c3 Qb6 5. Qb3 Bf5 6. Nbd2 h6 7. e3 Nbd7 8. h3 e6 9. Ne5 Nxe5 10. Bxe5 Nd7 11. Bg3 Be7 12. f3 Nf6 13. Qxb6 axb6 14. Bc7 b5 15. g4 Bh7 16. h4 Kd7 17. Be5 Rhg8 18. Be2 Ne8 19. e4 f6 20. Bg3 Nd6 21. Bd3 Nc4 22. b3 Nxd2 23.
Kxd2 dxe4 24. fxe4 Ra3 25. Kc2 Rga8 26. Kb2 b4 27. c4 b6 28. Rhd1 R8a5 29. Bf2 Bd6 30. Bc2 Ke7 31. e5 Bxc2 32. exd6+ Kd7 33. Rdc1 Be4 34. c5 bxc5 35. dxc5 Bd5 36. Be1 Rb5 37. Bxb4 Ra8 38. Bd2 e5 39. b4 Ra4 40. a3 Rb7 41. g5 hxg5 42. hxg5 Ke6 43. Rg1 f5 44. Rae1 Ra5 45. Be3 g6 46. Bd4 Be4 47. Be3 Ra4 48.
Kb3 Rba7 49. Bc1 Bd5+ 50. Kc3 Rh7 51. Rg3 Rh4 52. Rge3 e4 53.
R1e2 Rh1 54. Bb2 Rh5 55. Rd2 Ra7 56. Rde2 Rxg5 57. Rh2 f4 58. Reh3 Rf7 59. Rh7 Rg3+ 60. Kd2 Rd3+ 61. Kc1 Bb3 62. Bh8 f3 63. Rxf7 Kxf7 64. Be5 e3 65. Rh7+ Ke6 66. Re7+ Kf5 67. Bg3 f2 68. Rxe3 f1=Q+ 69. Re1 Rd1+ 0-1

[Event "44th Chess Olympiad Women 2022"]
[Site "Chennai"]
[Date "2022.08.08"]
[Round "10.36"]
[White "Rouda Essa, Alserkal"]
[Black "Monroy G., Nataly A."]
[Result "0-1"]
[WhiteElo "1874"]
[BlackElo "1907"]
[Annotator "NA RC"]
[PlyCount "66"]
[EventDate "2022.??.??"]
[TimeControl "60"]

1. e4 c5 2. Nf3 Nc6 3. d4 cxd4 4. Nxd4 g6 5. Nc3 Bg7 6. Be3 Nf6 7. Bc4 O-O 8. Bb3 d6 9. f3 Bd7 10. Qd2 a6 11. O-O-O Rc8 12. g4 Ne5 13. h4 h5 14. Bh6 Nc4 15. Bxc4 Rxc4 16. Bxg7 Kxg7 17. Nd5 Rh8 18. Nxf6 exf6 19. Ne2 Qc7 20. Nc3 Be6 21. Rh2 Qa5 22. Qxd6 hxg4 23. fxg4 Bxg4 24. Rf1 Qe5 25. Qd2 Be6 26. Qf2 Rxc3 27. bxc3 Qxc3 28. Kb1 Qb4+ 29. Ka1 Qc3+ 30. Kb1 Rh5 31. e5 Qxe5 32. Qf4 Qc3 33. a4 Rf5 0-1

[Event "44th Chess Olympiad Women 2022"]
[Site "Chennai"]
[Date "2022.08.08"]
[Round "10.37"]
[White "Abdi, Zineb Dina"]
[Black "Marape, Naledi"]
[Result "1-0"]
[WhiteElo "1899"]
[BlackElo "1714"]
[Annotator "NA RC"]
[PlyCount "67"]
[EventDate "2022.??.??"]
[TimeControl "60"]

1. e4 c5 2. Nf3 d6 3. d4 cxd4 4. Nxd4 Nf6 5. Nc3 a6 6. Bd3 e5 7. Nde2 Be6 8. Bg5 Nbd7 9. O-O Be7 10. Ng3 O-O 11. a4 h6 12. Be3 Qc7 13.
h3 Rac8 14. Qf3 Rfd8 15. Nd5 Bxd5 16. exd5 Nc5 17. Bf5 Rb8 18. b4 Ncd7 19. Bd3 Rdc8 20. Nf5 Bf8 21. g4 e4 22. Bxe4 Nxe4 23. Qxe4 Qxc2 24. Qxc2 Rxc2 25. Rab1 Nf6 26. Rfd1 Ne4 27. Rd3 Nc3 28. Ra1 Rc8 29. Nd4 Rb2 30. Rc1 Rxb4 31. Rdxc3 Rxc3 32. Rxc3 Rxa4 33. Rc8 f6 34. Ne6 1-0

[Event "44th Chess Olympiad Women 2022"]
[Site "Chennai"]
[Date "2022.08.08"]
[Round "10.37"]
[White "Banda Natalie Katlo"]
[Black "Nassr, Rania"]
[Result "1/2-1/2"]
[WhiteElo "1688"]
[BlackElo "1737"]
[Annotator "NA RC"]
[PlyCount "107"]
[EventDate "2022.??.??"]
[TimeControl "60"]

1. d4 d5 2. Nf3 Nf6 3. e3 e6 4. Nbd2 c5 5. c3 b6 6. Bb5+ Bd7 7. Bd3 Be7 8. e4 dxe4 9. Nxe4 Bc6 10. Nxf6+ Bxf6 11. dxc5 bxc5 12. Be2 Qc7 13. Be3 Nd7 14. Qc2 Rb8 15. Rb1 Qa5 16. b4 cxb4 17. cxb4 Rxb4 18. Rxb4 Qxb4+ 19. Bd2 Qb7 20. O-O O-O 21. Rb1 Qa8 22. Be3 h6 23.
Rc1 Bd5 24. Qc7 Nb6 25. Bxb6 axb6 26. Qxb6 Qxa2 27. Qe3 Qb2 28. Bd1 Bxf3 29. Rc2 Qb1 30. Rc1 Qb4 31. Bxf3 Bd4 32. Qe1 Qb2 33. Rd1 Rc8 34. Qd2 Qxd2 35. Rxd2 e5 36. Kf1 Kf8 37. Ke2 Ke7 38. Be4 g6 39. Rc2 Bc5 40. f3 f5 41. Bd3 Kd6 42. h3 Rf8 43.
Ra2 Kd5 44. Ra4 Rf6 45. Bc4+ Kc6 46. Bd3 Bd4 47. Ra6+ Bb6 48. Ra4 Rd6 49. g4 fxg4 50. hxg4 h5 51. gxh5 gxh5 52. Rh4 Rh6 53. Bf5 Bd4 54. Bg4 1/2-1/2

[Event "44th Chess Olympiad Women 2022"]
[Site "Chennai"]
[Date "2022.08.08"]
[Round "10.37"]
[White "Besa, Masaiti"]
[Black "Nassr, Lina"]
[Result "1/2-1/2"]
[WhiteElo "1745"]
[BlackElo "2011"]
[Annotator "NA RC"]
[PlyCount "72"]
[EventDate "2022.??.??"]
[TimeControl "60"]

1. c4 c5 2. g3 Nc6 3. Bg2 e6 4. Nc3 Nf6 5. e4 d6 6. Nge2 Nd4 7. O-O g6 8. Rb1 e5 9. d3 Bg7 10. Bg5 h6 11. Bxf6 Bxf6 12. Nxd4 cxd4 13. Nd5 O-O 14. f4 Bd7 15. Nxf6+ Qxf6 16. fxe5 Qxe5 17. Qd2 Kg7 18. Rf2 Rae8 19. Rbf1 b6 20. Qf4 f6 21. Qd2 Bc6 22. b4 a6 23. a3 Bd7 24. Qf4 Rc8 25.
Rc1 Rc7 26. Qxe5 dxe5 27. Bf1 Rfc8 28. Bg2 Be6 29. Rcf1 Rf7 30. h4 b5 31. c5 a5 32. Ra1 Ra7 33. Rff1 Rca8 34. Rac1 axb4 35. axb4 Ra3 36. Rfd1 Bh3 1/2-1/2

[Event "44th Chess Olympiad Women 2022"]
[Site "Chennai"]
[Date "2022.08.08"]
[Round "10.37"]
[White "Hamza, Amira"]
[Black "Otisitswe Ruth"]
[Result "1/2-1/2"]
[WhiteElo "1848"]
[BlackElo "1552"]
[Annotator "NA RC"]
[PlyCount "112"]
[EventDate "2022.??.??"]
[TimeControl "60"]

1. d4 Nf6 2. Nf3 e6 3. g3 b5 4. a4 b4 5. c4 Bb7 6. Bg2 Qc8 7. O-O Be7 8. Bf4 d6 9. Nbd2 O-O 10. Re1 c5 11. dxc5 dxc5 12. Qc2 Nc6 13.
Rad1 Rd8 14. Nb3 Rxd1 15. Rxd1 Qf8 16. Ne5 Nxe5 17. Bxb7 Rb8 18. Bg2 Nfd7 19. Bxe5 Nxe5 20. Qe4 Bf6 21. h4 Rc8 22. Rd2 Qe8 23. f4 Ng6 24. Qb7 Rd8 25. Qxa7 Rxd2 26. Nxd2 Bxb2 27. Qa8 Qxa8 28. Bxa8 Bf6 29. a5 Bd8 30. a6 Bb6 31. Nb3 Ne7 32. e4 Nc8 33. Kf2 Ba7 34. Ke3 Nb6 35. Bc6 Nxc4+ 36. Kd3 Nd6 37. Na5 Bb6 38. Nc4 Nxc4 39. Kxc4 Kf8 40. Ba4 Ke7 41. Kb5 Ba7 42. Kc6 c4 43. Kb5 c3 44. Kxb4 Kd6 45. Kxc3 Kc7 46. g4 Be3 47. Be8 f6 48. Bf7 Bxf4 49. Bxe6 Kb6 50. Bc8 h5 51. gxh5 Bg3 52. Kd4 Bxh4 53. Kd5 Bg5 54. Ke6 Be3 55. Kf7 Bh6 56. Kg6 Ka7 1/2-1/2